 Dungeon Crawl Stone Soup version 0.22.1-2-g9c5b331 (webtiles) character file.

190 thomasnlv21 the Chopper (level 5, -1/47 HPs)
             Began as a Minotaur Berserker on Nov 19, 2018.
             Was a Priest of Trog.
             Slain by a worm (5 damage)
             ... on level 4 of the Dungeon.
             The game lasted 00:08:56 (3680 turns).

thomasnlv21 the Chopper (Minotaur Berserker)        Turns: 3680, Time: 00:08:57

Health: -1/47      AC: 11    Str: 23    XL:     5   Next: 41%
Magic:  4/4        EV:  4    Int:  4    God:    Trog [***...]
Gold:   167        SH:  0    Dex:  9    Spells: 4/4 levels left

rFire    + . .     SeeInvis .   a - +0 hand axe
rCold    . . .     Gourm    .   (no shield)
rNeg     . . .     Faith    .   h - +1 crystal plate armour
rPois    .         Spirit   .   (helmet restricted)
rElec    .         Reflect  .   (no cloak)
rCorr    .         Harm     .   (no gloves)
MR       .....                  j - +0 pair of boots
Stlth    ..........             (no amulet)
HPRegen  0.15/turn              (no ring)
MPRegen  0.09/turn              (no ring)

@: no status effects
A: retaliatory headbutt, horns 2, deformed body, fire resistance 1, high mp 1
a: Berserk, Trog's Hand, Renounce Religion


You were on level 4 of the Dungeon.
You worshipped Trog.
Trog was most pleased with you.
You were not hungry.

You visited 1 branch of the dungeon, and saw 4 of its levels.

You collected 167 gold pieces.

Inventory:

Hand Weapons
 a - a +0 hand axe (weapon)
Armour
 f - a +0 ring mail
 h - a +1 crystal plate armour (worn)
 j - a +0 pair of boots (worn)
Jewellery
 i - an uncursed amulet of magic regeneration
Wands
 e - a wand of flame (15)
Scrolls
 d - 2 scrolls of identify
Comestibles
 c - 5 rations


   Skills:
 + Level 4.8 Fighting
 + Level 4.9 Axes
 + Level 3.9 Armour
 + Level 3.6 Dodging


You had 4 spell levels left.
You didn't know any spells.
Your spell library was empty.

Dungeon Overview and Level Annotations

Branches:
Dungeon (4/15)
 Temple: D:4-7

Altars:
Ashenzari
Cheibriados
Kikubaaqudgha
Nemelex Xobeh
Qazlal
Wu Jian


Innate Abilities, Weirdness & Mutations

You reflexively headbutt those who attack you in melee.
You have a pair of horns on your head.
Armour fits poorly on your strangely shaped body.
Your flesh is heat resistant. (rF+)
You have an increased reservoir of magic. (+10% MP)


Message History

The worm bites you but does no damage. The worm bites you. The worm bites you.
The worm bites you but does no damage. The worm bites you!
* * * LOW HITPOINT WARNING * * *
The worm bites you.
* * * LOW HITPOINT WARNING * * *
The worm barely misses you. The worm bites you but does no damage.
The worm barely misses you. You furiously retaliate!
You headbutt the worm, but do no damage.
The worm barely misses you. The worm bites you but does no damage.
The worm bites you but does no damage. The worm bites you.
* * * LOW HITPOINT WARNING * * *
The worm bites you but does no damage. The worm bites you.
You die...

.## ..)# ....##
......# .......##
........###
..........##
.......@...#
......w....##
............###
..............##
...............###
..........###....###
..........# ##.....#
.........## #......#
...... #......#


You could see a worm.

Vanquished Creatures
  An orc priest (D:3)
  5 adders
  2 oozes
  4 dart slugs
  2 leopard geckos (D:1)
  14 orcs
  7 giant cockroaches
  5 goblins
  7 hobgoblins
  2 quokkas
  8 bats
  5 frilled lizards
  A jackal skeleton (D:2)
  13 kobolds
  10 rats
86 creatures vanquished.

Notes
Turn   | Place    | Note
-------+----------+-------------------------------------------
     0 | D:1      | thomasnlv21 the Minotaur Berserker began the quest for the
                  | Orb.
     0 | D:1      | Reached XP level 1. HP: 19/19 MP: 0/0
   283 | D:1      | Reached XP level 2. HP: 24/27 MP: 1/1
   641 | D:1      | You fall through a shaft!
   651 | D:2      | Reached XP level 3. HP: 33/33 MP: 2/2
   983 | D:2      | Reached ** piety under Trog
  1152 | D:2      | Found a sparkling altar of Nemelex Xobeh.
  1243 | D:2      | Reached XP level 4. HP: 40/40 MP: 3/3
  1261 | D:2      | Noticed a water elemental
  1295 | D:2      | Found a stormy altar of Qazlal.
  1297 | D:2      | Noticed an earth elemental
  1297 | D:2      | Noticed a fire elemental
  1297 | D:2      | Noticed an air elemental
  1377 | D:2      | Found an ornate altar of the Wu Jian Council.
  1504 | D:2      | Found a shattered altar of Ashenzari.
  1505 | D:2      | Found a snail-covered altar of Cheibriados.
  1880 | D:3      | Reached *** piety under Trog
  1887 | D:3      | Reached XP level 5. HP: 47/47 MP: 4/4
  2128 | D:3      | Found a snail-covered altar of Cheibriados.
  2333 | D:3      | Gained mutation: Your flesh is heat resistant. (rF+)
                  | [potion of mutation]
  2333 | D:3      | Gained mutation: Armour fits poorly on your strangely
                  | shaped body. [potion of mutation]
  2333 | D:3      | Gained mutation: You have an increased reservoir of magic.
                  | (+10% MP) [potion of mutation]
  2425 | D:3      | Found an ancient bone altar of Kikubaaqudgha.
  3385 | D:3      | Paralysed by fainting for 12 turns
  3435 | D:3      | Paralysed by fainting for 8 turns
  3680 | D:4      | Slain by a worm

Skill      XL: |  1  2  3 |
---------------+----------+-----
Axes           | 4 |  4.9
Fighting       | 4 |  4.8
Armour         | 3 |  3.9
Dodging        | 3 |  3.6

Action                   |  1- 3 |  4- 6 || total
-------------------------+-------+-------++-------
Melee: Hand axe          |    68 |    93 ||   161
       Headbutt          |    11 |    12 ||    23
Invok: Berserk           |       |     1 ||     1
  Use: Scroll            |     4 |     3 ||     7
       Potion            |     1 |     1 ||     2
  Eat: Chunk             |     1 |     5 ||     6
       Ration            |       |     1 ||     1
Armor: Animal skin       |     3 |       ||     3
       Ring mail         |    24 |    18 ||    42
       Crystal plate arm |       |    68 ||    68
Dodge: Dodged            |    48 |    46 ||    94
